 Dungeon Crawl Stone Soup version 0.16-a0-4020-g6ff35b5 (console) character file.

4461 nht the Cruncher (level 10, -4/73 HPs)
             Began as a Black Draconian Artificer on Feb 17, 2015.
             Was a Believer of Nemelex Xobeh.
             Slain by an unseen horror (5 damage)
             ... on level 10 of the Dungeon.
             The game lasted 00:23:50 (9428 turns).

nht the Cruncher (Black Draconian Artificer)        Turns: 9428, Time: 00:23:50

Health: -4/73      AC: 16    Str: 14    XL:     10   Next: 15%
Magic:  21/21      EV: 12    Int: 15    God:    Nemelex Xobeh [**....]
Gold:   405        SH:  0    Dex: 12    Spells: 0 memorised, 9 levels left

rFire  . . .     SeeInvis .     a - +2 quarterstaff (protect) (curse)
rCold  + . .     Clarity  .     (armour unavailable)
rNeg   . . .     SustAb   .     (no shield)
rPois  .         Gourm    .     (helmet restricted)
rElec  +         Spirit   .     w - +0 cloak
rCorr  .         Warding  .     o - +2 pair of gloves
rMut   .         Stasis   .     (no boots)
MR     .....                    u - amulet of faith
Stlth  +.........               (no ring)
                                k - ring of protection from cold

@: not resistant to hostile enchantments, very unstealthy
A: breathe lightning, unfitting armour, electricity resistance, cold-blooded, AC
+7
a: Breathe Lightning, Renounce Religion


You were on level 10 of the Dungeon.
You worshipped Nemelex Xobeh.
Nemelex Xobeh was pleased with you.
You were not hungry.

You visited 2 branches of the dungeon, and saw 11 of its levels.

You collected 405 gold pieces.

Inventory:

Hand weapons
 a - a cursed +2 quarterstaff of protection (weapon)
Armour
 o - a +2 pair of gloves (worn)
 w - a +0 cloak (worn)
Jewellery
 k - a ring of protection from cold (left hand)
 s - an uncursed amulet of rage
 u - an amulet of faith (around neck)
Magical devices
 c - a wand of enslavement (2)
 n - a wand of slowing (4)
 C - a wand of teleportation (7)
Scrolls
 d - 2 scrolls of enchant weapon
 e - 7 scrolls of identify
 h - a scroll of recharging
 i - 5 scrolls of teleportation
 p - 4 scrolls of magic mapping
 q - a scroll of fear
 z - 3 scrolls of blinking
 F - 2 scrolls of remove curse
Potions
 j - a potion of curing
 m - a potion of agility
Books
 b - a book of Enchantments

   Spells                             Type                      Level
   a - Tukima's Dance                 Hexes                        3
   b - Cause Fear                     Hexes                        4
   c - Silence                        Hexes/Air                    5
   d - Deflect Missiles               Charms/Air                   6
   e - Haste                          Charms                       6
   f - Discord                        Hexes                        8
 t - a Grand Grimoire {highlevel}

   This book is beyond your current level of understanding.

   Spells                             Type                      Level
   a - Aura of Abjuration             Summoning                    6
   b - Summon Greater Demon           Summoning                    7
   c - Malign Gateway                 Summoning/Translocation      7
   d - Summon Horrible Things         Summoning                    8
 y - a book of Death

   Spells                             Type                      Level
   a - Corpse Rot                     Necromancy                   2
   b - Sublimation of Blood           Necromancy                   2
   c - Agony                          Necromancy                   5
   d - Dispel Undead                  Necromancy                   5
   e - Excruciating Wounds            Charms/Necromancy            5
   f - Bolt of Draining               Conjuration/Necromancy       5
 G - a book of Control

   Spells                             Type                      Level
   a - Control Teleport               Charms/Translocation         4
   b - Control Undead                 Necromancy                   4
   c - Enslavement                    Hexes                        4
   d - Metabolic Englaciation         Hexes/Ice                    5
   e - Mass Confusion                 Hexes                        6
Miscellaneous
 x - an ornate deck of summoning {drawn: 1}
 B - a fan of gales (inert)
 D - a plain deck of war
Comestibles
 f - 6 bread rations
 g - 11 fruits
 l - a slice of pizza
 v - 3 chunks of flesh
 A - a royal jelly


   Skills:
 + Level 1.7 Fighting
   Level 1.0 Short Blades
   Level 0.0(8.1) Polearms
 + Level 12.5 Staves
 - Level 1.7 Dodging
 - Level 0.8 Stealth
 + Level 8.4 Evocations


You had 9 spell levels left.
You didn't know any spells.

Dungeon Overview and Level Annotations

Branches:
Dungeon (10/15)            Temple (1/1) D:5
   Lair: D:8-11         Orc: D:9-12

Altars:
Ashenzari
Cheibriados
Dithmenos
Elyvilon
Fedhas
Gozag
Kikubaaqudgha
Makhleb
Nemelex Xobeh
Okawaru
Qazlal
Ru
Sif Muna
Trog
Vehumet
Xom
Yredelemnul
Zin
The Shining One

Annotations:
D:2 Sigmund


Innate Abilities, Weirdness & Mutations

You can breathe wild blasts of lightning.
Your glossy black scales are hard (AC +7).
Your body does not fit into most forms of armour.
You are resistant to electric shocks.
Your cold-blooded metabolism reacts poorly to cold.


Message History

You swap places.
Something hits your yaktaur.
You barely miss something. You tail-slap something. Something hits you!
Something hits you.
You swap places.
Something hits you but does no damage. Something hits your yaktaur!
Something hits you but does no damage. Something hits you.
* * * LOW HITPOINT WARNING * * *
Your yaktaur hits something! Something hits you.
* * * LOW HITPOINT WARNING * * *
Your yaktaur hits something!
You see here 21 gold pieces.
Something hits you but does no damage. Something hits you.
* * * LOW HITPOINT WARNING * * *
You miss something.
Your tail-slap misses something.
Something hits you but does no damage.
You barely miss something. Something hits you but does no damage.
Something hits you.
* * * LOW HITPOINT WARNING * * *
You sock something! Something hits you.
You die...
Your body disappears without a glow.

███.█████.█...█
..........█.█.█
███.███████.█...
█.█ █.█.███ █.█
█<█.█ █.█ █.█.█
█.███████c█.█
.......cc..█
████████.█.█
█$█.█ █@█.█
█.█.█ █...█


█████ You could see 3 friendly yaktaurs.

Vanquished Creatures
  2 yaks (D:10)
  Grinder (D:3)
  A hungry ghost (D:8)
  2 hippogriffs
  An insubstantial wisp (D:9)
  2 sky beasts
  A black bear (D:10)
  2 ogres (D:9)
  An ice beast (D:8)
  An eye of draining (D:8)
  2 centaurs
  2 big kobolds (D:8)
  5 giant frogs
  Blork the orc (D:5)
  2 scorpions
  2 goliath beetles
  A crimson imp (D:8)
  Dowan (D:9)
  7 orc priests
  A quasit (D:6)
  A centaur skeleton (D:7)
  3 hounds
  3 jellies
  4 worker ants
  5 iguanas
  Natasha (D:4)
  10 orc wizards
  Robin (D:2)
  10 adders
  3 gnolls
  2 giant mites
  3 worms (D:2)
  2 adder skeletons (D:7)
  An adder zombie (D:5)
  2 oozes
  47 orcs
  11 bats
  A bat skeleton (D:6)
  10 hobgoblins
  16 jackals
  30 kobolds
  4 quokkas
  5 ball pythons
  11 giant cockroaches
  5 giant geckos
  4 giant newts
  17 goblins
  10 rats
260 creatures vanquished.

Vanquished Creatures (collateral kills)
  A hill giant (D:9)
  Maurice (D:9)
  A sky beast (D:8)
  An orc warrior (D:8)
  A centaur (D:9)
  Duvessa (D:9)
  A giant frog skeleton (D:9)
  An orc wizard (D:9)
  3 gnolls
  An orc (D:9)
  A hobgoblin (D:9)
  A kobold (D:4)
14 creatures vanquished.

Vanquished Creatures (others)
  A dancing weapon (D:9)
  4 yaks (D:10)
  An insubstantial wisp (D:9)
  A goliath beetle (D:6)
  2 gnolls (D:3)
  An orc (D:8)
  A giant spore (D:6)
11 creatures vanquished.

Grand Total: 285 creatures vanquished

Notes
Turn   | Place    | Note
--------------------------------------------------------------
     0 | D:1      | nht, the Draconian Artificer, began the quest for the Orb.
     0 | D:1      | Reached XP level 1. HP: 16/16 MP: 1/1
   171 | D:1      | Reached XP level 2. HP: 18/23 MP: 3/3
   370 | D:1      | Reached skill level 4 in Evocations
   584 | D:1      | Reached XP level 3. HP: 20/28 MP: 5/5
   957 | D:2      | Noticed Sigmund
  1129 | D:2      | Noticed Robin
  1239 | D:3      | Noticed Grinder
  1498 | D:2      | Reached skill level 5 in Evocations
  2040 | D:2      | Reached XP level 4. HP: 33/35 MP: 7/7
  2301 | D:2      | Killed Robin
  2489 | D:3      | Reached skill level 6 in Evocations
  2489 | D:3      | Reached XP level 5. HP: 26/40 MP: 8/10
  2737 | D:3      | Paralysed by Grinder for 7 turns
  2745 | D:3      | Killed Grinder
  2745 | D:3      | Reached skill level 7 in Evocations
  2745 | D:3      | Reached XP level 6. HP: 4/47 MP: 11/13
  3103 | D:3      | Reached skill level 8 in Evocations
  3642 | D:4      | Reached skill level 1 in Staves
  3901 | D:4      | Noticed Natasha
  3908 | D:4      | Killed Natasha
  3948 | D:4      | Your scales start taking on a glossy black colour.
  3948 | D:4      | Gained mutation: You are resistant to electric shocks. [draconian maturity]
  3948 | D:4      | Reached XP level 7. HP: 45/52 MP: 16/16
  4242 | D:5      | Entered Level 5 of the Dungeon
  5038 | D:5      | Noticed Blork the orc
  5057 | D:5      | Killed Blork the orc
  5057 | D:5      | Reached skill level 5 in Staves
  5094 | D:5      | Found a staircase to the Ecumenical Temple.
  5144 | Temple   | Entered the Ecumenical Temple
  5296 | Temple   | Became a worshipper of Nemelex Xobeh the Trickster
  5391 | D:6      | Received a gift from Nemelex Xobeh
  5419 | D:6      | Reached XP level 8. HP: 59/59 MP: 18/18
  6629 | D:7      | Received a gift from Nemelex Xobeh
  6734 | D:7      | Reached skill level 9 in Staves
  6857 | D:7      | Reached XP level 9. HP: 35/64 MP: 20/20
  7402 | D:8      | Reached skill level 10 in Staves
  7737 | D:8      | Reached skill level 11 in Staves
  8081 | D:9      | Noticed Maurice
  8092 | D:9      | Received a gift from Nemelex Xobeh
  8195 | D:9      | Noticed a hill giant
  8212 | D:10     | Entered Level 10 of the Dungeon
  8338 | D:9      | Killed a hill giant
  8560 | D:9      | Reached skill level 12 in Staves
  8626 | D:9      | Killed Maurice
  8735 | D:9      | Found a stormy altar of Qazlal.
  8757 | D:9      | Noticed Dowan
  8764 | D:9      | Killed Dowan
  8764 | D:9      | Reached XP level 10. HP: 56/71 MP: 21/21
  8837 | D:9      | Noticed Duvessa
  8848 | D:9      | Killed Duvessa
  9389 | D:10     | Received a gift from Nemelex Xobeh
  9427 | D:10     | HP: 1/73 [something (5)]
  9428 | D:10     | Slain by an unseen horror

Action                   |  1- 3 |  4- 6 |  7- 9 | 10-12 || total
-------------------------+-------+-------+-------+-------++-------
Melee: Short sword       |   215 |     8 |       |       ||   223
       Trident           |       |   141 |       |       ||   141
       Quarterstaff      |       |    56 |   579 |    58 ||   693
       Flail             |       |     1 |       |       ||     1
 Abil: Breathe Lightning |       |       |     6 |     2 ||     8
Evoke: Wand              |       |    23 |    36 |     5 ||    64
       Deck              |       |       |    18 |     7 ||    25
       Fan of gales (ine |       |       |     1 |       ||     1
  Use: Scroll            |     2 |     2 |    10 |     1 ||    15
       Potion            |       |     1 |     6 |     1 ||     8
 Stab: Sleeping          |       |     3 |       |       ||     3
       Distracted        |       |       |       |     1 ||     1
  Eat: Chunk             |     4 |     6 |    19 |     3 ||    32
